 Dungeon Crawl Stone Soup version 0.31.0-12-g77e489cdc1 (webtiles) character file.

Game seed: 1413073159248005780

88 lordive the Shooter (level 4, -1/38 HPs)
             Began as a Minotaur Hunter on Mar 2, 2024.
             Slain by an orc wizard
             ... wielding a +0 dagger
              (2 damage)
             ... on level 2 of the Dungeon.
             The game lasted 00:02:11 (1058 turns).

lordive the Shooter (Minotaur Hunter)               Turns: 1058, Time: 00:02:12

Health: -1/38      AC:  5    Str: 16    XL:     4   Next: 30%
Magic:  3/3        EV: 13    Int:  6    God:
Gold:   47         SH:  0    Dex: 15    Spells: 3/3 levels left

rFire   . . .        a - +0 shortbow
rCold   . . .        (shield currently unavailable)
rNeg    . . .        g - +0 steam dragon scales
rPois   .            (helmet restricted)
rElec   .            (no cloak)
rCorr   .            (no gloves)
SInv    .            (no boots)
Will    .....        (no amulet)
Stlth   ++           (no ring)
HPRegen 0.26/turn    (no ring)
MPRegen 0.08/turn

%: no passive effects
@: no status effects
A: horns 2, retaliatory headbutt
a: no special abilities


You were on level 2 of the Dungeon.
You visited 1 branch of the dungeon, and saw 2 of its levels.

You collected 47 gold pieces.

Inventory:

Hand Weapons
 a - a +0 shortbow (weapon)
Armour
 g - +0 steam dragon scales (worn)
Jewellery
 e - a +6 ring of intelligence
 p - a +5 ring of evasion
Scrolls
 b - a scroll of butterflies
 f - a scroll of vulnerability {unknown}
 j - a scroll of fear {unknown}
 l - 5 scrolls of identify {unknown}
 m - a scroll of blinking {unknown}
 n - a scroll of fog {unknown}
 o - a scroll of torment {unknown}
Potions
 c - a potion of cancellation {unknown}
 d - a potion of haste {unknown}
 h - a potion of heal wounds {unknown}
 i - a potion of curing {unknown}
 k - a potion of might {unknown}


   Skills:
 + Level 3.0 Fighting
 + Level 5.9 Ranged Weapons
 + Level 2.7 Dodging
 - Level 0.7 Stealth


You had 3 spell levels left.
You didn't know any spells.
Your spell library was empty.

Dungeon Overview and Level Annotations

Branches:
Dungeon (2/15)

Altars:


Innate Abilities, Weirdness & Mutations

You have a pair of horns on your head.
You reflexively headbutt those who attack you in melee.


Message History

The orc wizard flickers and vanishes!
Deactivating autopickup; reactivate with Ctrl-A.
Fire: a) +0 shortbow
Press: ? - help, Q - select action Shift-Dir - straight line, f/p - orc priest
Aim: an orc priest, wielding a +0 flail of protection and wearing a +0 chain mail (severely wounded, 69% to hit)
You shoot an arrow.
The arrow hits the orc priest but does no damage.
The orc priest is severely wounded.
The orc priest hits you with a +0 flail of protection.
* * * LOW HITPOINT WARNING * * *
Something hits you.
* * * LOW HITPOINT WARNING * * *
Fire: a) +0 shortbow
Press: ? - help, Q - select action Shift-Dir - straight line, f/p - orc priest
Aim: an orc priest, wielding a +0 flail of protection and wearing a +0 chain mail (severely wounded, 69% to hit)
You shoot an arrow.
The arrow hits the orc priest but does no damage.
The orc priest is severely wounded.
The orc priest barely misses you.
You hear some strange, mumbled words.
A magic dart appears from out of thin air!
The magic dart hits you.
* * * LOW HITPOINT WARNING * * *
Fire: a) +0 shortbow
Press: ? - help, Q - select action Shift-Dir - straight line, f/p - orc priest
Aim: an orc priest, wielding a +0 flail of protection and wearing a +0 chain mail (severely wounded, 69% to hit)
You shoot an arrow.
The arrow completely misses the orc priest.
The orc priest closely misses you. Something hits you.
* * * LOW HITPOINT WARNING * * *
Unknown command.
Fire: a) +0 shortbow
Press: ? - help, Q - select action Shift-Dir - straight line, f/p - orc priest
Aim: an orc priest, wielding a +0 flail of protection and wearing a +0 chain mail (severely wounded, 69% to hit)
You shoot an arrow.
The arrow hits the orc priest but does no damage.
The orc priest is severely wounded.
The orc priest looks encouraged for a moment.
Something hits you.
You die...

...# #..........# ...#
#..........# ...#
#..........# ...###
#..†.......# .
.....###..........####..
...#....†....###........
...###...#...# #........
#.####.......# #......#.
#.##...##....# #@.<...#
#.#††#####......o{#####
#.#.### ....####g#
#.....# .....# )#
###.#.#..# .... .#
###.....# .# ##..##.##
.. .....#.# .. ..##.#.##


You could see an orc priest and a goblin.

Vanquished Creatures
  3 adders (D:2)
  An orc (D:2)
  9 ball pythons
  4 bats
  3 endoplasms
  2 giant cockroaches
  4 goblins (D:1)
  7 hobgoblins (D:1)
  8 jackals
  2 kobolds (D:1)
  A quokka (D:1)
  5 frilled lizards
  3 rats
52 creatures vanquished.

Notes
Turn   | Place    | Note
-------+----------+-------------------------------------------
     0 | D:1      | lordive the Minotaur Hunter began the quest for the Orb.
     0 | D:1      | Reached XP level 1. HP: 18/18 MP: 0/0
    40 | D:1      | Reached XP level 2. HP: 25/25 MP: 1/1
   298 | D:1      | Reached skill level 5 in Ranged Weapons
   347 | D:1      | Reached XP level 3. HP: 30/30 MP: 2/2
   985 | D:2      | Reached XP level 4. HP: 37/37 MP: 3/3
  1056 | D:2      | HP: 1/38 [something/magic dart (3)]
  1058 | D:2      | Slain by an orc wizard

Illustrated notes

Levels and vault maps discovered:
D:1:      dpeg_arrival_brainrot, layout_loops_ring, minmay_close_crescents
D:2:      layout_rooms, interstate_on_off, hangedman_decor_opposing,
          minmay_fractal_squares_5

Skill      XL: |  1  2  3  4 |
---------------+-------------+-----
Ranged Weapons | 5 |  5.9
Fighting       | 3 |  3.0
Dodging        | |  2.7
Stealth        | |  0.7

Action                     |  1- 3 |  4- 6 || total
---------------------------+-------+-------++-------
   Fire: Shortbow          |   110 |    32 ||   142
 Armour: Leather armour    |     3 |       ||     3
         Steam dragon scal |    14 |    20 ||    34
  Dodge: Dodged            |    29 |    20 ||    49
